 Dungeon Crawl Stone Soup version 0.24.0-28-g17ded55e90 (webtiles) character file.

Game seed: 17207543599187018635, levelgen mode: deterministic

102645 Nattfarinn the Convoker (level 16, -2/97 HPs)
             Began as a Kobold Summoner on Nov 12, 2019.
             Was a High Priest of Sif Muna.
             Slain by a stone giant (26 damage)
             ... on level 1 of the Depths on Nov 13, 2019.
             The game lasted 03:32:16 (39280 turns).

Nattfarinn the Convoker (Kobold Summoner)          Turns: 39280, Time: 03:32:17

Health: -2/97      AC:  4    Str: 10    XL:     16   Next: 86%
Magic:  7/28       EV: 27    Int: 22    God:    Sif Muna [*****.]
Gold:   801        SH:  0    Dex: 16    Spells: 5/31 levels left

rFire    + . .     SeeInvis +   A - +12 Vampire's Tooth {vamp}
rCold    + + .     Gourm    .   (shield restricted)
rNeg     + + .     Faith    .   M - +2 robe {rC+}
rPois    +         Spirit   .   l - -2 hat of the Alchemist {rElec rPois rF+ rC+ rN+ MR+ rMut rCorr}
rElec    +         Reflect  .   H - scarf {repulsion}
rCorr    +         Harm     .   m - +1 pair of gloves
rMut     +         Clarity  +   (no boots)
MR       +++..                  J - amulet of the acrobat
Stlth    +++++.....             P - ring of Affesefamp {+Blink rN+ MR+ Str+4 SInv}
HPRegen  0.26/turn              G - +3 ring of evasion
MPRegen  0.21/turn

@: hasted, repel missiles, very quick
A: small, carnivore, clarity, poison resistance, subdued magic 1
a: Channel Magic, Forget Spell, Divine Exegesis, Renounce Religion, Evoke Blink


You were on level 1 of the Depths.
You worshipped Sif Muna.
Sif Muna was extremely pleased with you.
You were very full.

You visited 6 branches of the dungeon, and saw 26 of its levels.
You also visited: Bailey, Gauntlet and Volcano.

You collected 2804 gold pieces.
You spent 2003 gold pieces at shops.

Inventory:

Hand Weapons
 A - the +12 Vampire's Tooth (weapon) {vamp}
   (You found it on level 11 of the Dungeon)

   It inflicts no extra harm, but heals its wielder when it wounds a living foe.
 U - a +1 arbalest of flaming
Missiles
 V - 86 bolts
Armour
 l - the -2 hat of the Alchemist (worn) {rElec rPois rF+ rC+ rN+ MR+ rMut rCorr}
   (You bought it in a shop on level 2 of the Orcish Mines)

   It protects you from fire.
   It protects you from cold.
   It insulates you from electricity.
   It protects you from poison.
   It protects you from negative energy.
   It affects your resistance to hostile enchantments.
   It provides partial protection from all sources of acid and corrosion.
   It protects you from mutation.
 m - a +1 pair of gloves (worn)
 H - a scarf of repulsion (worn)
 M - a +2 robe of cold resistance (worn)
 T - the +2 hat "Nitzoq" {+Fly MR- Slay+2}
   (You acquired it on level 5 of the Lair of Beasts)

   It affects your accuracy and damage with ranged weapons and melee attacks
   (+2).
   It affects your resistance to hostile enchantments.
   It lets you fly.
Jewellery
 i - an uncursed amulet of guardian spirit
 G - a +3 ring of evasion (right hand)
 J - an amulet of the acrobat (around neck)
 N - an uncursed amulet of harm
 P - the ring of Affesefamp (left hand) {+Blink rN+ MR+ Str+4 SInv}
   (You found it on level 3 of the Lair of Beasts)

   [ring of see invisible]

   It affects your strength (+4).
   It protects you from negative energy.
   It affects your resistance to hostile enchantments.
   It lets you see invisible.
   It lets you blink.
 Q - an uncursed ring of flight
 R - an uncursed amulet of guardian spirit
 X - an uncursed ring of protection from fire
Wands
 h - a wand of iceblast (15)
 C - a wand of disintegration (31)
 F - a wand of digging (11)
 K - a wand of flame (73)
 L - a wand of paralysis (25)
 O - a wand of enslavement (9)
Scrolls
 a - a scroll of fog
 d - a scroll of holy word
 n - 5 scrolls of remove curse
 s - 2 scrolls of teleportation
 t - a scroll of enchant armour
 w - 3 scrolls of enchant weapon
 x - 2 scrolls of brand weapon
 y - 4 scrolls of amnesia
 B - a scroll of fear
 Z - 2 scrolls of torment
Potions
 b - 2 potions of curing
 f - 5 potions of lignification
 g - 2 potions of haste
 p - 3 potions of flight {unknown}
 q - 3 potions of agility
 r - 2 potions of cancellation {unknown}
 u - 4 potions of resistance {unknown}
 v - a potion of invisibility {unknown}
 D - 3 potions of magic {unknown}
 E - 4 potions of might {unknown}
 S - 2 potions of brilliance {unknown}
 W - a potion of experience {unknown}
 Y - 2 potions of ambrosia {unknown}
Comestibles
 c - 55 rations


   Skills:
 - Level 10.2 Fighting
 - Level 8.1 Short Blades
 - Level 12.0 Dodging
 - Level 12.9 Stealth
 - Level 8.3 Spellcasting
 - Level 7.4 Hexes
 - Level 17.1 Summonings
 - Level 4.3 Air Magic
 * Level 8.7 Invocations
 + Level 6.6 Evocations


You had 5 spell levels left.
You knew the following spells:

 Your Spells              Type           Power        Failure   Level  Hunger
a - Shadow Creatures      Summ           N/A          1%          6    ######.
c - Summon Lightning Spi  Summ/Air       #####...     1%          4    ###....
d - Summon Demon          Summ           ######....   1%          5    #####..
f - Confuse               Hex            ####....     1%          3    None
g - Aura of Abjuration    Summ           ######....   1%          5    #####..
h - Tukima's Dance        Hex            ####....     1%          3    None

Your spell library contained the following spells:

 Spells                   Type           Power        Failure   Level  Hunger
 Summon Butterflies       Summ           ######..     0%          1    None
 Summon Small Mammal      Summ           ####         0%          1    None
 Call Imp                 Summ           ######..     0%          2    None
 Call Canine Familiar     Summ           ######..     0%          3    None
 Confusing Touch          Hex            ####..       1%          1    None
 Corona                   Hex            ####...      1%          1    None
 Ensorcelled Hibernation  Hex/Ice        ###...       1%          2    None
 Slow                     Hex            ####....     1%          2    None
 Recall                   Summ/Tloc      N/A          1%          3    None
 Summon Guardian Golem    Hex/Summ       #####...     1%          3    None
 Summon Ice Beast         Ice/Summ       #####...     1%          4    ###....
 Summon Mana Viper        Hex/Summ       #####...     1%          5    #####..
 Cause Fear               Hex            ####......   2%          4    ###....
 Dazzling Spray           Conj/Hex       ###...       3%          3    None
 Inner Flame              Hex/Fire       ###.....     3%          3    None
 Portal Projectile        Hex/Tloc       ###...       3%          3    None
 Spectral Weapon          Hex/Chrm       ###.....     3%          3    None
 Summon Forest            Summ/Tloc      #####.....   4%          5    #####..
 Infusion                 Chrm           #...         5%          1    None
 Sandblast                Erth           #.....       5%          1    None
 Static Discharge         Conj/Air       ##......     7%          3    None
 Passwall                 Tmut/Erth      #.......     9%          2    None
 Shroud of Golubria       Chrm/Tloc      #.....       9%          2    None
 Song of Slaying          Chrm           #.......     9%          2    None
 Fulminant Prism          Conj/Hex       ###.......   13%         4    ###....
 Leda's Liquefaction      Hex/Erth       ###.......   13%         4    ###....
 Gell's Gravitas          Tloc           #.........   19%         3    None
 Regeneration             Chrm/Necr      #.........   19%         3    None
 Stone Arrow              Conj/Erth      #.....       19%         3    None
 Metabolic Englaciation   Hex/Ice        ###.......   36%         5    #####..
 Yara's Violent Unravell  Hex/Tmut       ###.......   36%         5    #####..
 Passage of Golubria      Tloc           N/A          52%         4    ###....
 Petrify                  Tmut/Erth      #.......     52%         4    ###....
 Sticky Flame             Conj/Fire      #.......     52%         4    ###....
 Throw Icicle             Conj/Ice       #.......     52%         4    ###....
 Lightning Bolt           Conj/Air       ##........   58%         5    #####..
 Bolt of Draining         Conj/Necr      #.........   87%         5    #####..
 Lee's Rapid Deconstruct  Erth           #.........   87%         5    #####..
 Summon Hydra             Summ           ######....   4%          7    #######
 Haunt                    Necr/Summ      #####.....   85%         7    #######
 Malign Gateway           Summ/Tloc      #####.....   85%         7    #######
 Spellforged Servitor     Conj/Summ      #####.....   85%         7    #######
 Freezing Cloud           Conj/Ice/Air   ##........   99%         6    ######.
 Death Channel            Necr           #.........   100%        6    ######.
 Poison Arrow             Conj/Pois      #.........   100%        6    ######.
 Borgnjor's Revivificati  Necr           #.........   100%        8    #######
 Disjunction              Tloc           #.........   100%        8    #######
 Ignition                 Fire           #.........   100%        8    #######
 Necromutation            Tmut/Necr      #.........   100%        8    #######
 Shatter                  Erth           #.........   100%        9    #######
 Tornado                  Air            ###.......   100%        9    #######


Dungeon Overview and Level Annotations

Branches:
Dungeon (15/15)            Temple (1/1) D:4            Lair (6/6) D:9
 Shoals (0/4) Lair:2        Snake (1/4) Lair:4        Slime (0/5) Lair:6
    Orc (2/2) D:11            Elf (0/3) Orc:2        Vaults (0/5) D:14
 Depths (1/5) D:15         Bailey (visited)         Volcano (visited)
Gauntlet (visited)

Altars:
Ashenzari
Cheibriados
Dithmenos
Elyvilon
Gozag
Hepliaklqana
Kikubaaqudgha
Makhleb
Nemelex Xobeh
Okawaru
Qazlal
Sif Muna
Trog
Vehumet
Xom
Zin
The Shining One
Jiyva

Shops:
D:4 (   D:7 [   D:11 [   D:13 *   Orc:1 :   Orc:2 :*[(

Portals:
Abyss: Depths:1
Trove: D:14 (give 5 scrolls of blinking)

Annotations:
D:8 1 runed translucent door, ANON1729's ghost, novice BaIE
Snake:1 Frances


Innate Abilities, Weirdness & Mutations

You are small and have problems with some larger weapons.
You are carnivorous and can eat meat at any time.
You possess an exceptional clarity of mind.
Your system is resistant to poisons. (rPois)
Your spells are a little easier to cast, but a little less powerful.


Message History

The blast of cold misses you.
As you read the scroll of fear, it crumbles to dust.
You assume a fearsome visage.
The deep troll earth mage resists with almost no effort.
The deep troll looks frightened!
The deep troll resists with some effort.
The deep troll looks frightened!
The stone giant easily resists.
The yaktaur looks frightened!
The ice dragon looks frightened!
You hit the stone giant.
The stone giant is lightly wounded.
The stone giant barely misses you.
You hit the stone giant.
You feel better.
The stone giant is lightly wounded.
You puncture the stone giant!
The stone giant is lightly wounded.
You hit the stone giant.
The stone giant is lightly wounded.
The stone giant barely misses you.
You feel yourself speed up. The stone giant hits you!!
You die...

..#...###...##..#
......# #..#....#.#
###...# #T.#.#.(#.# .
###...###.....(.#.####..
............c...........
..............(.T.......
........................
................(.......
.........[..[(.T@.......
..........((...C........
..........)(((..(.......
.........D.T<((..(......
########################


You could see an ice dragon (fleeing), a stone giant, 3 deep trolls, a deep
troll earth mage and a yaktaur (fleeing).

Vanquished Creatures
  A lich (Depths:1)
  Donald (Orc:2)
  A frost giant (D:15)
  Aizul (Snake:1)
  The ghost of Yjeari the Unseen, a journeyman GrMo of Gozag (Lair:3)
  A red draconian (Volcano)
  A spark wasp (D:15)
  An ice dragon (D:13)
  3 hydras
  2 naga warriors (Snake:1)
  Fannar (Lair:3)
  3 anacondas (Snake:1)
  A catoblepas (Lair:6)
  A death knight (D:15)
  4 two-headed ogres
  3 tengu warriors (D:15)
  5 centaur warriors
  3 death yaks
  An orc high priest (Orc:2)
  2 shock serpents (Snake:1)
  2 naga sharpshooters (Snake:1)
  An unseen horror (D:15)
  3 deep trolls (Depths:1)
  A naga ritualist (Snake:1)
  4 orc knights
  A cyclops (D:15)
  3 orc sorcerers
  4 manticores
  12 black mambas
  9 naga magi (Snake:1)
  An elephant (Lair:4)
  2 gargoyles
  3 centaur skeletons
  6 komodo dragons
  14 spiny frogs
  3 yaktaurs
  3 rime drakes
  A kobold demonologist (D:13)
  A tengu conjurer (D:15)
  5 polar bears
  A troll (D:14)
  21 blink frogs
  4 hornets
  A dream sheep (Lair:6)
  8 hippogriffs
  A meliai zombie (D:13)
  10 spriggans (Lair:6)
  A shadow (D:14)
  A wraith (D:14)
  A human (D:14)
  3 wyverns
  28 yaks
  3 vampire mosquitoes (D:11)
  6 wargs
  A hungry ghost (D:8)
  10 water moccasins
  4 nagas (Snake:1)
  2 soldier ants
  15 porcupines
  A soldier ant (shapeshifter) (D:14)
  2 phantoms
  24 orc warriors
  2 ice beasts
  A sky beast (D:6)
  2 black bears (Lair:6)
  3 eyes of draining
  6 ogres
  20 wolves
  4 boggarts (Lair:6)
  13 centaurs
  8 crocodiles
  17 bullfrogs
  2 wyvern skeletons
  A scorpion (D:8)
  2 killer bees (D:11)
  4 wights (D:14)
  6 howler monkeys
  5 crimson imps
  3 bullfrog zombies
  4 hounds
  3 jellies
  A bullfrog skeleton (D:9)
  16 orc priests
  16 orc wizards
  8 worker ants
  2 iguanas
  10 gnolls
  4 adders
  2 oozes
  3 adder skeletons
  An adder zombie (D:7)
  2 dart slugs
  2 leopard geckos
  57 orcs
  3 ball pythons
  3 giant cockroaches
  5 goblins
  9 hobgoblins
  A jackal (D:10)
  3 kobolds
  2 quokkas
  2 bats (D:1)
  A frilled lizard (D:3)
  A jackal skeleton (D:4)
  7 rats
  A plant (D:1)
532 creatures vanquished.

Vanquished Creatures (collateral kills)
  2 orc warlords
  3 spark wasps
  An ice dragon (Depths:1)
  2 vault guards (D:14)
  2 naga warriors (Snake:1)
  A hydra (Lair:6)
  A catoblepas (Lair:4)
  A centaur warrior (Depths:1)
  An ogre mage (D:15)
  A two-headed ogre (D:15)
  9 death yaks
  A death knight (D:14)
  3 deep troll shamans (Depths:1)
  A deep troll earth mage (Depths:1)
  3 orc high priests (Orc:2)
  Nergalle (Lair:3)
  Urug (Lair:3)
  3 skeletal warriors (D:14)
  An iron troll (Depths:1)
  A deep troll (Depths:1)
  3 orc knights
  3 orc sorcerers
  An ugly thing (D:12)
  A cyclops (D:11)
  2 naga magi (Snake:1)
  2 elephants (Lair:4)
  A merfolk siren (Lair:2)
  6 black mambas
  A spiny frog (Lair:6)
  3 yaktaurs (Depths:1)
  3 komodo dragons
  A polar bear (Lair:6)
  4 hornets (Lair:6)
  2 tyrant leeches (D:11)
  A queen bee (Lair:4)
  3 meliai (Lair:4)
  Grinder (D:6)
  5 blink frogs
  2 hippogriffs (Lair:1)
  2 spriggans (Lair:6)
  A shadow (D:13)
  8 yaks
  2 vampires (D:11)
  A basilisk (Lair:3)
  9 humans (D:14)
  A hungry ghost (D:14)
  3 vampire mosquitoes
  A human (shapeshifter) (D:14)
  A warg (D:15)
  13 nagas
  A water moccasin (Lair:1)
  2 porcupines
  28 orc warriors
  3 black bears
  9 ogres
  6 centaurs
  5 crocodiles
  2 gnoll sergeants
  4 bullfrogs
  3 scorpions
  A water moccasin zombie (D:10)
  27 killer bees
  A wight (D:9)
  3 howler monkeys
  2 crimson imps
  Crazy Yiuf (D:5)
  2 hounds
  8 jellies
  12 orc priests
  16 orc wizards
  3 iguanas
  6 worker ants
  A worker ant zombie (D:9)
  18 gnolls
  7 adders
  4 oozes (D:9)
  2 worms
  59 orcs
  A ball python (D:4)
  5 bats
  A giant cockroach (D:4)
  20 goblins
  19 hobgoblins
  6 jackals
  2 kobolds
  A quokka (D:3)
  4 frilled lizards
  6 rats
  2 fungi
  2 plants
431 creatures vanquished.

Vanquished Creatures (others)
  An orc (Orc:2)
  2 demonic plants (Gauntlet)
  3 fungi (D:9)
  9 plants
15 creatures vanquished.

Grand Total: 978 creatures vanquished

Notes
Turn   | Place    | Note
-------+----------+-------------------------------------------
     0 | D:1      | Nattfarinn the Kobold Summoner began the quest for the Orb.
     0 | D:1      | Reached XP level 1. HP: 10/10 MP: 3/3
   729 | D:1      | Reached XP level 2. HP: 16/16 MP: 1/5
   753 | D:1      | Learned a level 2 spell: Call Imp
  2157 | D:2      | Reached XP level 3. HP: 20/20 MP: 3/6
  2717 | D:2      | Reached XP level 4. HP: 22/24 MP: 8/8
  3113 | D:3      | Found a burning altar of Makhleb.
  3410 | D:3      | Found a hazy altar of Hepliaklqana.
  3650 | D:3      | Reached skill level 5 in Summonings
  3650 | D:3      | Reached XP level 5. HP: 17/28 MP: 5/9
  4059 | D:4      | Got a heavily runed chain mail
  4087 | D:4      | Found a stormy altar of Qazlal.
  4129 | D:4      | Noticed an ogre
  4138 | D:4      | Killed an ogre
  4206 | D:4      | Found a staircase to the Ecumenical Temple.
  4241 | Temple   | Entered the Ecumenical Temple
  4311 | Temple   | Became a worshipper of Sif Muna the Loreminder
  4381 | D:4      | Reached XP level 6. HP: 30/33 MP: 9/11
  4394 | D:4      | Noticed an ogre
  4418 | D:4      | Killed an ogre
  4848 | D:4      | Noticed an ogre
  4855 | D:4      | Noticed an ogre
  4933 | D:4      | Killed an ogre
  5062 | D:4      | Killed an ogre
  5062 | D:4      | Reached skill level 6 in Summonings
  5138 | D:4      | Reached XP level 7. HP: 37/37 MP: 12/12
  5532 | D:4      | Found Givukk's Antique Weapon Emporium.
  5537 | D:4      | Bought a crystal falchion for 144 gold pieces
  5537 | D:4      | Identified the +8 falchion "Bopo Vie" {elec, rN+ Dex+4
                  | Stlth+} (You bought it in a shop on level 4 of the Dungeon)
  5649 | D:4      | Reached skill level 5 in Dodging
  5980 | D:5      | Entered Level 5 of the Dungeon
  6167 | D:5      | Found a glowing golden altar of the Shining One.
  6207 | D:5      | Reached * piety under Sif Muna
  6282 | D:5      | Reached skill level 7 in Summonings
  6282 | D:5      | Reached XP level 8. HP: 37/42 MP: 11/14
  6288 | D:5      | Learned a level 4 spell: Summon Lightning Spire
  6737 | D:5      | Found a radiant altar of Vehumet.
  6763 | D:5      | Reached skill level 1 in Air Magic
  6982 | D:5      | Found a runed translucent door.
  6983 | D:5      | Noticed Crazy Yiuf
  7282 | D:5      | Killed Crazy Yiuf
  7454 | D:5      | Identified the +1 chain mail "Itzeun" {Int+4} (You found it
                  | on level 4 of the Dungeon)
  7561 | D:6      | Noticed Grinder
  7565 | D:6      | Killed Grinder
  7565 | D:6      | Reached skill level 8 in Summonings
  8233 | D:6      | Reached XP level 9. HP: 46/46 MP: 13/15
  8806 | D:7      | Found Wiyjyh Gymi's Armour Boutique.
  8954 | D:7      | Reached ** piety under Sif Muna
  9250 | D:7      | Reached skill level 9 in Summonings
  9274 | D:7      | Found a flagged portal.
  9284 | Bailey   | Entered a bailey
  9540 | Bailey   | Learned a level 4 spell: Summon Ice Beast
  9777 | Bailey   | Reached *** piety under Sif Muna
 10208 | Bailey   | Noticed an orc warlord
 10379 | D:7      | Bought a scarf of repulsion for 168 gold pieces
 11173 | D:7      | Gained mutation: Your spells are a little easier to cast,
                  | but a little less powerful. [potion of mutation]
 11173 | D:7      | Gained mutation: You are clumsy. (Dex -2) [potion of
                  | mutation]
 11173 | D:7      | Gained mutation: Your system is resistant to poisons.
                  | (rPois) [potion of mutation]
 11213 | D:8      | Reached skill level 1 in Fighting
 11310 | D:8      | Found a runed translucent door.
 11310 | D:8      | Noticed ANON1729's ghost (novice BaIE)
 11406 | D:8      | Reached skill level 5 in Spellcasting
 11503 | D:8      | Learned a level 3 spell: Call Canine Familiar
 11555 | D:8      | Noticed a hippogriff
 11570 | D:8      | Killed a hippogriff
 11570 | D:8      | Reached XP level 10. HP: 52/56 MP: 11/17
 11929 | D:8      | Found an ancient bone altar of Kikubaaqudgha.
 12105 | D:8      | Reached skill level 5 in Fighting
 12716 | D:9      | Reached **** piety under Sif Muna
 13246 | D:9      | Found a staircase to the Lair.
 13860 | D:10     | Entered Level 10 of the Dungeon
 14784 | D:10     | Reached XP level 11. HP: 69/69 MP: 14/21
 15177 | D:11     | Found Rejiwiupe's Armour Shoppe.
 15177 | D:11     | Noticed a manticore
 15190 | D:11     | Killed a manticore
 15513 | D:11     | Reached ***** piety under Sif Muna
 15513 | D:11     | Identified Sif Muna's Incunabulum of Creative Battle Magic
                  | (Sif Muna gifted it to you on level 11 of the Dungeon)
 15513 | D:11     | Received a gift from Sif Muna
 15772 | D:11     | Reached skill level 10 in Fighting
 15861 | D:11     | Noticed a cyclops
 15872 | D:11     | Killed a cyclops
 16610 | D:11     | Found the +12 Vampire's Tooth {vamp}
 16710 | D:11     | Found a staircase to the Orcish Mines.
 16721 | D:11     | Reached skill level 1 in Short Blades
 17041 | D:12     | Learned a level 3 spell: Confuse
 17095 | D:12     | Found a bloodstained altar of Trog.
 17104 | D:12     | Noticed a white ugly thing
 17116 | D:12     | Killed a white ugly thing
 17167 | D:12     | Noticed a manticore
 17192 | D:12     | Killed a manticore
 17192 | D:12     | Reached skill level 1 in Hexes
 17422 | D:12     | Learned a level 5 spell: Aura of Abjuration
 17429 | D:12     | Learned a level 5 spell: Summon Demon
 17750 | D:13     | Noticed a manticore
 17780 | D:13     | Noticed a centaur warrior
 17796 | D:13     | Killed a centaur warrior
 18137 | D:13     | Noticed an ice dragon
 18158 | D:13     | Noticed a manticore
 18180 | D:13     | Killed a manticore
 18180 | D:13     | Reached skill level 5 in Short Blades
 18421 | Orc:1    | Entered Level 1 of the Orcish Mines
 18442 | Orc:1    | Found Taserr's Book Shoppe.
 18456 | Orc:1    | Noticed an orc knight
 18575 | D:11     | Killed an orc knight
 18958 | D:11     | Reached skill level 5 in Stealth
 18958 | D:11     | Reached XP level 12. HP: 77/77 MP: 14/24
 19478 | Orc:1    | Noticed an orc warlord
 19698 | Lair:1   | Entered Level 1 of the Lair of Beasts
 19714 | Lair:1   | Received a gift from Sif Muna
 20555 | Lair:2   | Reached skill level 5 in Hexes
 21194 | Lair:2   | Learned a level 3 spell: Tukima's Dance
 21280 | Lair:2   | Found a staircase to the Shoals.
 22009 | Lair:3   | Noticed Urug
 22010 | Lair:3   | Noticed Fannar
 22018 | Lair:3   | Reached skill level 10 in Summonings
 22042 | Lair:3   | Killed Fannar
 22051 | Lair:3   | Noticed Nergalle
 22183 | Lair:3   | Got a shimmering turquoise ring
 22184 | Lair:3   | Identified the ring of Affesefamp {+Blink rN+ MR+ Str+4
                  | SInv} (You found it on level 3 of the Lair of Beasts)
 22212 | Lair:3   | Killed Nergalle
 22289 | Lair:3   | Reached XP level 13. HP: 82/82 MP: 25/25
 22293 | Lair:3   | Found a gate leading to a gauntlet.
 22309 | Gauntlet | Entered a Gauntlet
 22309 | Gauntlet | Found a transporter.
 22309 | Gauntlet | Found a transporter.
 22313 | Gauntlet | Found a transporter.
 22313 | Gauntlet | Found a transporter.
 22313 | Gauntlet | Found a transporter.
 22324 | Gauntlet | Found a transporter.
 22326 | Gauntlet | Found a large runed translucent door.
 22327 | Gauntlet | Found a large runed translucent door.
 22328 | Gauntlet | Found a large runed translucent door.
 22328 | Gauntlet | Found a large runed translucent door.
 22328 | Gauntlet | Found a large runed translucent door.
 22329 | Gauntlet | Found a transporter.
 22330 | Gauntlet | Found a large runed translucent door.
 22343 | Gauntlet | Found a transporter.
 22360 | Gauntlet | Found a large runed translucent door.
 22361 | Gauntlet | Found a large runed translucent door.
 22362 | Gauntlet | Found a runed translucent gate.
 22363 | Gauntlet | Found a transporter.
 22363 | Gauntlet | Found a runed translucent gate.
 22364 | Gauntlet | Found a runed translucent gate.
 22365 | Gauntlet | Found a large runed translucent door.
 22366 | Gauntlet | Found a large runed translucent door.
 22367 | Gauntlet | Found a large runed translucent door.
 22374 | Gauntlet | Found a large runed translucent door.
 22376 | Gauntlet | Found a large runed translucent door.
 22376 | Gauntlet | Found a large runed translucent door.
 22376 | Gauntlet | Found a runed translucent door.
 22376 | Gauntlet | Found a runed translucent door.
 22377 | Gauntlet | Found a large runed translucent door.
 22378 | Gauntlet | Found a large runed translucent door.
 22380 | Gauntlet | Found a transporter.
 22388 | Gauntlet | Found a transporter.
 22388 | Gauntlet | Noticed a catoblepas
 22458 | Gauntlet | Found a transporter.
 22771 | Lair:3   | Reached skill level 11 in Summonings
 22782 | Lair:3   | Found a runed translucent door.
 22784 | Lair:3   | Noticed Yjeari's ghost (journeyman GrMo)
 22947 | Lair:3   | Killed Urug
 23047 | Lair:3   | Reached skill level 12 in Summonings
 23919 | Lair:4   | Reached skill level 13 in Summonings
 24448 | Lair:4   | Noticed a catoblepas
 24478 | Lair:4   | Killed a catoblepas
 24708 | Lair:4   | Found a staircase to the Snake Pit.
 25002 | Lair:4   | Learned a level 6 spell: Shadow Creatures
 25195 | Lair:5   | Reached skill level 14 in Summonings
 25381 | Lair:5   | Identified a scroll of acquirement
 25383 | Lair:5   | Got a smoking hat
 25384 | Lair:5   | Identified the +2 hat "Nitzoq" {+Fly MR- Slay+2} (You
                  | acquired it on level 5 of the Lair of Beasts)
 25524 | Lair:5   | Reached XP level 14. HP: 88/88 MP: 26/26
 25906 | Lair:6   | Entered Level 6 of the Lair of Beasts
 25990 | Lair:5   | Reached skill level 15 in Summonings
 26155 | Lair:6   | Found a viscous altar of Jiyva.
 26156 | Lair:6   | Found a staircase to the Slime Pits.
 26221 | Lair:6   | Found a dark tunnel.
 26228 | Volcano  | Entered a volcano
 26391 | Volcano  | Found a radiant altar of Vehumet.
 26401 | Volcano  | Noticed a red draconian
 26444 | Volcano  | Killed a red draconian
 26706 | Volcano  | Received a gift from Sif Muna
 26954 | Lair:6   | Reached skill level 16 in Summonings
 28357 | Orc:1    | Killed an orc warlord
 28357 | Orc:1    | Reached skill level 17 in Summonings
 28417 | Orc:1    | Identified Doanoph's Collected Works on Poison and
                  | Conjuration (Sif Muna gifted it to you on level 1 of the
                  | Orcish Mines)
 28417 | Orc:1    | Received a gift from Sif Muna
 28799 | Orc:2    | Entered Level 2 of the Orcish Mines
 28839 | Orc:2    | Reached XP level 15. HP: 92/92 MP: 27/27
 28879 | Orc:2    | Found a staircase to the Elven Halls.
 29679 | Orc:2    | Noticed an orc warlord
 29704 | Orc:2    | Killed an orc warlord
 29786 | Orc:2    | Paralysed by an orc sorcerer for 7 turns
 29799 | Orc:2    | Reached skill level 10 in Dodging
 30304 | Orc:2    | Found Pigitwok's Antique Armour Boutique.
 30334 | Orc:2    | Found Fyajoi Cala's Antique Weapon Shop.
 30335 | Orc:2    | Found Doed's General Store.
 30335 | Orc:2    | Found Rolumacs's Book Boutique.
 30349 | Orc:2    | Bought the -2 hat of the Alchemist {rElec rPois rF+ rC+ rN+
                  | MR+ rMut rCorr} for 1416 gold pieces
 30349 | Orc:2    | Found the -2 hat of the Alchemist {rElec rPois rF+ rC+ rN+
                  | MR+ rMut rCorr}
 30376 | Orc:2    | Received a gift from Sif Muna
 30600 | Orc:2    | Noticed Donald
 30632 | Orc:2    | Killed Donald
 31746 | D:13     | Found Ufoym's Assorted Antiques.
 31759 | D:13     | Bought a scroll of blinking for 217 gold pieces
 31759 | D:13     | Bought a scroll of identify for 58 gold pieces
 32579 | D:14     | Identified Sif Muna's Volume of Unstable Unholy Arts (Sif
                  | Muna gifted it to you on level 14 of the Dungeon)
 32579 | D:14     | Received a gift from Sif Muna
 32634 | D:14     | Found a gate to the Vaults.
 32690 | D:14     | Found a portal to a secret trove of treasure.
 33080 | D:15     | Entered Level 15 of the Dungeon
 33145 | D:15     | Reached skill level 10 in Stealth
 33684 | D:15     | Found a staircase to the Depths.
 33684 | D:15     | Noticed a frost giant
 33698 | D:15     | Killed a frost giant
 34094 | D:15     | Reached XP level 16. HP: 97/97 MP: 28/28
 35002 | Snake:1  | Entered Level 1 of the Snake Pit
 35016 | Snake:1  | Reached skill level 1 in Invocations
 35045 | Snake:1  | Reached skill level 1 in Evocations
 35553 | Snake:1  | Lost mutation: Your system is resistant to poisons. (rPois)
                  | [potion of mutation]
 35553 | Snake:1  | Lost mutation: Your spells are a little easier to cast, but
                  | a little less powerful. [potion of mutation]
 35553 | Snake:1  | Gained mutation: You are frail. (-10% HP) [potion of
                  | mutation]
 35668 | Snake:1  | Identified Sif Muna's Reference Book on Attacks and Stolen
                  | Souls (Sif Muna gifted it to you on level 1 of the Snake
                  | Pit)
 35668 | Snake:1  | Received a gift from Sif Muna
 35837 | Snake:1  | Reached skill level 5 in Invocations
 35898 | Snake:1  | Noticed Aizul
 36481 | Snake:1  | Killed Aizul
 36945 | Snake:1  | Reached skill level 5 in Evocations
 36953 | Snake:1  | Noticed Frances
 37233 | Lair:3   | Killed Yjeari's ghost
 37247 | Lair:3   | Lost mutation: You are clumsy. (Dex -2) [potion of
                  | mutation]
 37247 | Lair:3   | Lost mutation: You are frail. (-10% HP) [potion of
                  | mutation]
 37247 | Lair:3   | Gained mutation: Your spells are a little easier to cast,
                  | but a little less powerful. [potion of mutation]
 37247 | Lair:3   | Gained mutation: You possess an exceptional clarity of
                  | mind. [potion of mutation]
 37247 | Lair:3   | Gained mutation: Your system is resistant to poisons.
                  | (rPois) [potion of mutation]
 37948 | Depths:1 | Entered Level 1 of the Depths
 38808 | Depths:1 | Noticed a lich
 38828 | Depths:1 | Killed a lich
 38944 | Depths:1 | Found a one-way gate to the infinite horrors of the Abyss.
 39280 | Depths:1 | Slain by a stone giant

Levels and vault maps discovered:
D:1:      wander_arrival_peaceful_grave, layout_basic, serial_forest,
          infiniplex_forest_straight_4, infiniplex_forest_clump_cross,
          infiniplex_forest_pool, infiniplex_forest_lined_2
D:2:      layout_basic, minivault_11
D:3:      layout_loops_cross, old_standard_altar,
          nicolae_overflow_crystal_walls, roderic_lattice_a
D:4:      layout_gridville, kennysheep_little_box,
          minmay_temple_entry_drinking_statues, first_ration, serial_shops,
          nicolae_shop_behind_doors, minmay_box_of_dots
D:5:      layout_loops_corners, lemuel_doored_altar, kennysheep_mini,
          uniq_crazy_yiuf_cottage
D:6:      layout_basic, uniq_grinder
D:7:      layout_cave_pools, enter_bailey_2, serial_shops, nicolae_shop_stone
D:8:      layout_basic, kennysheep_mini_moat, gammafunk_ghost_grave
D:9:      layout_cave_pools, due_lair_maze_entry_diamond,
          hangedman_little_slice_of_home, st_stairs_3
D:10:     layout_long_grid
D:11:     layout_long_grid, david_orc_4, serial_shops, nicolae_shop_crystal,
          minmay_guarded_unrand_vampires_tooth
D:12:     layout_big_octagon, basic_altar
D:13:     layout_cave_pods, serial_shops, nicolae_shop_stone
D:14:     layout_loops_ring, ximxim_vaults_locker_room,
          roderic_nine_men_s_morris, enter_trove_6
D:15:     grunt_enter_depths_snipers, layout_grid_maze
Temple:   eino_temple_scatter_basement
Lair:1:   layout_chaotic_city
Lair:2:   layout_cave_pods, minmay_shoals_entry_lonely_mermaid,
          hibernation_bobbens
Lair:3:   layout_loops_ring, gammafunk_ghost_grave, gauntlet_entry_generic,
          uniq_urug, uniq_nergalle, uniq_fannar
Lair:4:   layout_loops_ring, guppyfry_snake_entry_garden, special_room
          [special_room_bee], grunt_megastairs_5
Lair:5:   layout_long_grid, nicolae_lair_grove_arrangements,
          grunt_forest_stairs_basic
Lair:6:   minmay_lair_end_enchanted_forest, layout_cave_shapes, slime_altar_1,
          nicolae_volcano_entry_s_turn, columned_hall_lemuel,
          infiniplex_staircase_pool
Snake:1:  layout_layer_cave, hangedman_snake_corridor_cut, uniq_frances,
          uniq_aizul
Orc:1:    layout_diamond_mine, serial_shops, shop
Orc:2:    st_orc_congregation, layout_diamond_mine, minmay_orc_barracks,
          uniq_donald
Depths:1: layout_long_grid, enter_ziggurat_a, hangedman_abyss_entry_splay,
          serial_shops, shop, grunt_hell_entry_dis_old, minmay_misc_feat_square,
          serial_sigils_hangedman_scar, nrook_kobold_shadow_demons

Skill      XL: |  1  2  3  4  5  6  7  8  9 10 11 12 13 14 15 16 |
---------------+-------------------------------------------------+-----
Dodging        | 3 4 5 6 7 8 12 | 12.0
Spellcasting   | 3 4 5 7 8 |  8.3
Summonings     | 5 6 7 8 9 10 14 17 | 17.1
Air Magic      | 2 4 |  4.3
Fighting       | 3 8 10 | 10.2
Short Blades   | 5 8 |  8.1
Stealth        | 5 12 | 12.9
Hexes          | 2 7 |  7.4
Invocations    | 8 |  8.7
Evocations     | 6 |  6.6

Action                   |  1- 3 |  4- 6 |  7- 9 | 10-12 | 13-15 | 16-18 || total
-------------------------+-------+-------+-------+-------+-------+-------++-------
Melee: Unarmed           |    13 |       |       |       |       |       ||    13
       Club              |     9 |       |       |       |       |       ||     9
       Dagger            |   171 |    86 |    43 |       |       |       ||   300
       Falchion          |       |       |   141 |   134 |       |       ||   275
       Quick blade       |       |       |       |   410 |  1697 |   470 ||  2577
Throw: Dart              |     1 |     1 |       |       |       |       ||     2
 Cast: Summon Small Mamm |    20 |     3 |     1 |       |       |       ||    24
       Call Imp          |    29 |    38 |    64 |    38 |       |       ||   169
       Summon Lightning  |       |       |    30 |    68 |    37 |    20 ||   155
       Summon Ice Beast  |       |       |     5 |     2 |       |       ||     7
       Call Canine Famil |       |       |     3 |    22 |       |       ||    25
       Summon Demon      |       |       |       |    23 |    89 |    42 ||   154
       Aura of Abjuratio |       |       |       |     1 |     1 |       ||     2
       Shadow Creatures  |       |       |       |       |     2 |       ||     2
       Confuse           |       |       |       |       |       |     2 ||     2
Invok: Forget Spell      |       |       |       |       |     3 |       ||     3
 Abil: Evoke Blink       |       |       |       |       |       |     3 ||     3
  Use: Scroll            |       |     6 |    11 |    12 |    13 |     7 ||    49
       Potion            |       |     2 |     4 |     1 |     2 |     9 ||    18
 Stab: Sleeping          |     5 |     4 |    10 |    12 |    17 |     8 ||    56
       Distracted        |       |     1 |     3 |     4 |     9 |    12 ||    29
       Confused          |       |       |       |       |       |     2 ||     2
  Eat: Chunk             |    16 |     9 |    28 |    52 |    60 |    17 ||   182
       Ration            |       |       |       |       |       |     5 ||     5
Armor: Robe              |    25 |     6 |    17 |       |    55 |    16 ||   119
       Leather armour    |       |       |     3 |    51 |     2 |       ||    56
Dodge: Dodged            |    93 |    74 |   200 |   434 |   792 |   354 ||  1947
       Deflected         |       |       |     5 |    11 |    15 |    19 ||    50
       Rpst.: Falchion   |       |       |    34 |    51 |       |       ||    85
